 Dungeon Crawl Stone Soup version 0.26-a0-37-g50178cf (webtiles) character file.

Game seed: 11613329454458831046, levelgen mode: deterministic

79 Jambles the Magician (level 4, -4/41 HPs)
             Began as a Troll Wizard on May 30, 2020.
             Slain by a gnoll
             ... wielding a +0 halberd
              (10 damage)
             ... on level 2 of the Dungeon.
             The game lasted 00:25:10 (1574 turns).

Jambles the Magician (Troll Wizard)                 Turns: 1574, Time: 00:25:11

Health: -4/41      AC:  6    Str: 15    XL:     4   Next: 17%
Magic:  6/6        EV: 12    Int: 15    God:
Gold:   103        SH:  5    Dex:  8    Spells: 8/8 levels left

rFire    . . .     SeeInvis .   g - -1 dagger (curse)
rCold    . . .     Gourm    +   (no shield)
rNeg     . . .     Faith    .   a - +0 robe
rPois    .         Spirit   .   b - +0 hat
rElec    .         Reflect  +   (no cloak)
rCorr    .         Harm     .   (gloves unavailable)
MR       .....                  (boots unavailable)
Stlth    +.........             e - amulet of reflection
HPRegen  0.53/turn              (no ring)
MPRegen  0.10/turn              (no ring)

@: brilliant, hasted, very quick
A: large, unfitting armour, beak, claws 3, repulsion field 1, deterioration 1,
fast metabolism 3, gourmand, regeneration 1, shaggy fur 1, tough skin 3
a: no special abilities


You were on level 2 of the Dungeon.
You were not hungry.

You visited 1 branch of the dungeon, and saw 2 of its levels.

You collected 103 gold pieces.

Inventory:

Hand Weapons
 c - a +0 club
 f - a +0 short sword
 g - a cursed -1 dagger (weapon)
 j - a +0 dagger
 l - a +0 spear
 o - a +0 dagger
 p - a cursed -3 short sword
 s - a +0 short sword
 t - a +0 club
 u - a +0 dagger
 w - a +0 dagger
 x - a +0 dagger
 z - a +0 club
 C - a +0 dagger
 D - a +0 hunting sling
Missiles
 d - 27 bolts
 i - 63 stones (quivered)
Armour
 a - a +0 robe (worn)
 b - a +0 hat (worn)
 k - a +0 leather armour
 y - a +0 robe
 B - a +0 robe
Jewellery
 e - an amulet of reflection (around neck)
Scrolls
 h - a scroll of remove curse {unknown}
 n - a scroll of identify {unknown}
 q - a scroll of enchant armour {unknown}
 A - a scroll of noise {unknown}


   Skills:
 + Level 1.2 Fighting
 + Level 0.3 Short Blades
 + Level 2.2 Dodging
 + Level 1.0 Stealth
 + Level 0.2 Unarmed Combat
 + Level 2.5 Spellcasting
   Level 0.7 Conjurations
   Level 0.6 Summonings
   Level 0.6 Translocations


You had 8 spell levels left.
You didn't know any spells.
Your spell library contained the following spells:

 Spells                   Type           Power        Failure   Level  Hunger
 Magic Dart               Conj           #...         16%         1    None
 Blink                    Tloc           N/A          26%         2    None
 Call Imp                 Summ           #.......     26%         2    None
 Slow                     Hex            #.......     32%         2    None
 Conjure Flame            Conj/Fire      #.......     47%         3    None
 Mephitic Cloud           Conj/Pois/Air  #.......     50%         3    None


Dungeon Overview and Level Annotations

Branches:
Dungeon (2/15)

Altars:


Innate Abilities, Weirdness & Mutations

You are too large for most types of armour.
You have claws for hands.
Your metabolism is lightning-fast.
You like to eat raw meat.
Your natural rate of healing is unusually fast.
You are covered in fur. (AC +1)
You have extremely tough skin. (AC +3)
You have a beak for a mouth.
You are surrounded by a mild repulsion field. (EV +2)
Your body sometimes deteriorates upon taking damage.


Message History

You kill the gnoll!
You don't know any spells.
The gnoll hits you with a +0 halberd.
* * * LOW HITPOINT WARNING * * *
You hit the gnoll. Your peck misses the gnoll.
The gnoll is moderately wounded.
You hit the gnoll but do no damage.
The gnoll is moderately wounded.
The gnoll barely misses you.
You barely miss the gnoll.
The gnoll is lightly wounded.
You hit the gnoll but do no damage. You peck the gnoll.
The gnoll is heavily wounded.
The gnoll closely misses you.
You hit the gnoll but do no damage. You peck the gnoll, but do no damage.
The gnoll is heavily wounded.
You completely miss the gnoll. You peck the gnoll.
The gnoll is heavily wounded.
The gnoll hits you with a +0 halberd!
You die...

########### #### . #......g@.#
... ... #.......))####.##....
#.................##.
#................g..g
#.........##.####.#..
#...........># .#
########...### #.#
#############.......###..# #
#...................#...##.##.


You could see a gnoll.

Vanquished Creatures
  2 gnolls (D:2)
  An adder (D:2)
  An ooze (D:1)
  A worm (D:2)
  4 dart slugs
  2 bats (D:1)
  4 goblins (D:1)
  6 hobgoblins
  2 jackals (D:2)
  A ball python (D:1)
  A frilled lizard (D:2)
  7 kobolds
  6 rats
38 creatures vanquished.

Notes
Turn   | Place    | Note
-------+----------+-------------------------------------------
     0 | D:1      | Jambles the Troll Wizard began the quest for the Orb.
     0 | D:1      | Reached XP level 1. HP: 16/16 MP: 2/2
   196 | D:1      | Reached XP level 2. HP: 24/24 MP: 4/4
  1069 | D:1      | Reached XP level 3. HP: 32/32 MP: 5/5
  1275 | D:2      | Reached skill level 1 in Fighting
  1557 | D:2      | Gained mutation: Your body sometimes deteriorates upon
                  | taking damage. [potion of mutation]
  1557 | D:2      | Gained mutation: You have a beak for a mouth. [potion of
                  | mutation]
  1557 | D:2      | Gained mutation: You are surrounded by a mild repulsion
                  | field. (EV +2) [potion of mutation]
  1561 | D:2      | Reached XP level 4. HP: 9/41 MP: 6/6
  1574 | D:2      | Slain by a gnoll

Illustrated notes

Levels and vault maps discovered:
D:1:      minmay_arrival_doors, layout_basic, dk_noncrumbling_3,
          roderic_serpentine_path, minivault_26, st_stairs_8
D:2:      layout_rooms, overflow_temple_1_default

Skill      XL: |  1  2  3 |
---------------+----------+-----
Dodging        | 2 |  2.2
Fighting       | 1 |  1.2
Short Blades   | |  0.3
Stealth        | |  1.0
Unarmed Combat | |  0.2
Spellcasting   | |  2.5
Conjurations   | |  0.7
Summonings     | |  0.6
Translocations | |  0.6

Action                   |  1- 3 |  4- 6 || total
-------------------------+-------+-------++-------
Melee: Unarmed           |    16 |       ||    16
       Dagger            |   260 |    12 ||   272
       Peck              |     1 |     5 ||     6
 Cast: Magic Dart        |    24 |       ||    24
  Use: Potion            |     4 |       ||     4
       Scroll            |     1 |       ||     1
  Eat: Ration            |     2 |       ||     2
       Chunk             |     8 |       ||     8
Armor: Robe              |    98 |       ||    98
Dodge: Dodged            |   142 |     5 ||   147
Block: Other             |    46 |     3 ||    49
       Reflection        |     2 |       ||     2

Table legend:
 A = Non-vault XP
 B = Vault XP
 C = Vault XP percentage of total XP
 D = Non-vault monster count
 E = Vault monster count
 F = Vault count percentage of total count
                 A         B        C        D         E       F
            +---------+---------+-------+---------+---------+-------
      Total |     113 |       1 |   0.9 |      37 |       1 |   2.6
            +---------+---------+-------+---------+---------+-------
        D:1 |      51 |       1 |   1.9 |      23 |       1 |   4.2
        D:2 |      62 |       0 |   0.0 |      14 |       0 |   0.0
            +---------+---------+-------+---------+---------+-------
